 Dungeon Crawl Stone Soup version 0.31.0-9-g3a7656b989 (webtiles) character file.

Game seed: 1309538379821901158

98 qw the Shooter (level 4, -3/25 HPs)
             Began as a Deep Elf Hunter on Feb 2, 2024.
             Slain by an orc
             ... wielding a +0 trident
              (4 damage)
             ... on level 3 of the Dungeon.
             The game lasted 00:00:06 (1828 turns).

qw the Shooter (Deep Elf Hunter)                    Turns: 1828, Time: 00:00:07

Health: -3/25      AC:  6    Str: 10    XL:     4   Next: 43%
Magic:  6/6        EV: 11    Int: 14    God:
Gold:   132        SH:  0    Dex: 18    Spells: 3/3 levels left

rFire   . . .        a - +1 shortbow
rCold   . . .        (shield currently unavailable)
rNeg    . . .        g - +0 ring mail
rPois   .            (no helmet)
rElec   .            e - +0 cloak
rCorr   .            (no gloves)
SInv    .            (no boots)
Will    .....        (no amulet) Stlth
                     (no ring)
HPRegen 0.24/turn    (no ring)
MPRegen 0.10/turn

%: no passive effects
@: confused
A: no striking features
a: no special abilities


You were on level 3 of the Dungeon.
You visited 1 branch of the dungeon, and saw 3 of its levels.

You collected 132 gold pieces.


   Skills:
 - Level 1.5 Fighting
 + Level 7.9 Ranged Weapons
 - Level 2.4 Dodging
 - Level 1.2 Stealth


You had 3 spell levels left.
You didn't know any spells.
Your spell library was empty.

Inventory:

Hand Weapons
 a - a +1 shortbow (weapon)
Armour
 e - a +0 cloak (worn)
 g - a +0 ring mail (worn)
Potions
 j - a potion of resistance

Dungeon Overview and Level Annotations

Branches:
Dungeon (3/15)

Altars:


Message History

The quokka bites you but does no damage.
The quokka barely misses you. The orc wizard closely misses you.
You feel less confused.
The quokka bites you but does no damage.
The orc wizard hits you but does no damage.
You shoot an arrow.
The arrow closely misses the orc wizard.
The quokka closely misses you.
The orc wizard points at you and mumbles some strange words.
You resist with some effort.
You shoot an arrow. The arrow hits the orc wizard.
The orc wizard is lightly wounded.
The quokka bites you but does no damage.
The orc wizard gestures wildly while chanting.
The orc wizard flickers and vanishes!
Deactivating autopickup; reactivate with Ctrl-A.
The quokka barely misses you.
You hear a shout!
You shoot an arrow. The arrow hits the quokka!
You kill the quokka!
Something hits you but does no damage.
You shoot an arrow.
You hear some strange, mumbled words.
You are confused.
You shoot an arrow. Something hits you.
An orc comes into view. It is wielding a +0 trident.
You hear some strange, mumbled words.
You are more confused.
Something hits you but does no damage. The orc closely misses you.
Something hits you. The orc completely misses you.
You hear some strange, mumbled words.
Something tries to affect you, but you resist.
The orc barely misses you. Something hits you. The orc misses you.
The orc hits you from afar with a +0 trident.
Something hits you but does no damage. Something hits you.
The orc hits you from afar with a +0 trident.
You die...

.........).....#
.............###
#.####..####.#
.............#
#.####..###).#
#..###..###
#.........#
#.###..#### #.
#.@# #. #){# #.
#..o ...## ...##
.#.## #.#. # #.


You could see an orc.

Vanquished Creatures
  2 adders
  3 dart slugs (D:1)
  3 orcs (D:3)
  4 bats
  4 endoplasms
  3 giant cockroaches
  7 hobgoblins
  4 jackals (D:1)
  4 kobolds
  3 quokkas
  9 ball pythons
  3 frilled lizards
  7 goblins
  6 rats
62 creatures vanquished.

Notes
Turn   | Place    | Note
-------+----------+-------------------------------------------
     0 | D:1      | qw the Deep Elf Hunter began the quest for the Orb.
     0 | D:1      | Reached XP level 1. HP: 12/12 MP: 3/3
     0 | D:1      | 0 ||| qw: Version: 0.3-a-155-g5e7d8dd
     0 | D:1      | 0 ||| qw: Game counter: 1733
     0 | D:1      | 0 ||| qw: Melee chars always use a shield: true
     0 | D:1      | 0 ||| qw: God list: Okawaru
     0 | D:1      | 0 ||| qw: Allow faded altars: false
     0 | D:1      | 0 ||| qw: Do Orc after clearing Dungeon:15 true
     0 | D:1      | 0 ||| qw: Do second Lair branch before Depths: true
     0 | D:1      | 0 ||| qw: Lair rune preference: random
     0 | D:1      | 0 ||| qw: Goals: Normal
     0 | D:1      | 0 ||| PLANNING D:1-11
   122 | D:1      | Reached skill level 6 in Ranged Weapons
   122 | D:1      | Reached XP level 2. HP: 16/16 MP: 4/4
   334 | D:1      | Reached XP level 3. HP: 17/20 MP: 5/5
   851 | D:1      | 851 ||| UPGRADING to +0 scale mail.
   861 | D:1      | 861 ||| DROPPING +0 leather armour.
   862 | D:1      | 862 ||| READING scroll labelled EXOAF JIBUV.
   863 | D:1      | 863 ||| DROPPING scroll of butterflies.
   882 | D:2      | Reached skill level 7 in Ranged Weapons
  1214 | D:2      | Reached XP level 4. HP: 25/25 MP: 6/6
  1604 | D:2      | 1604 ||| UPGRADING to +0 cloak.
  1609 | D:2      | 1609 ||| UPGRADING to +0 ring mail.
  1619 | D:2      | 1619 ||| DROPPING +0 scale mail.
  1620 | D:2      | 1620 ||| READING scroll labelled XUZENUEHAI.
  1620 | D:2      | 1620 ||| IDENTIFYING ruby potion
  1621 | D:2      | 1621 ||| READING scroll labelled ILYNAO VYOTWOV.
  1622 | D:2      | 1622 ||| READING scroll labelled UVETEA FAKUGUWAW.
  1723 | D:2      | 1723 ||| READING scroll labelled TEICRAF DAE.
  1723 | D:2      | 1723 ||| ENCHANTING +0 shortbow.
  1724 | D:2      | 1724 ||| DRINKING 2 clear potions.
  1770 | D:3      | 1770 ||| PLANNING SEWER
  1812 | D:3      | 1812 ||| DRINKING potion of curing.
  1812 | D:3      | 1812 ||| (to cure confusion)
  1827 | D:3      | HP: 4/25 [orc/+0 trident (4)]
  1828 | D:3      | HP: 1/25 [something (3)]
  1828 | D:3      | Slain by an orc

Levels and vault maps discovered:
D:1:      denvon_arrival_planthouse, layout_basic
D:2:      layout_loops_ring, minmay_tree_intersection, minmay_shallow_snake_nest
D:3:      minmay_recursive_quarters, layout_loops_ring,
          cheibrodos_sewer_entry_bend, basic_ecumenical_altar,
          corexii_corridor_pit, uniq_terence

Skill      XL: |  1  2  3 |
---------------+----------+-----
Ranged Weapons | 6 7 |  7.9
Fighting       | |  1.5
Dodging        | |  2.4
Stealth        | |  1.2

Action                     |  1- 3 |  4- 6 || total
---------------------------+-------+-------++-------
   Fire: Shortbow          |   110 |    41 ||   151
    Use: Scroll            |     1 |     4 ||     5
         Potion            |       |     2 ||     2
 Armour: Leather armour    |    15 |       ||    15
         Scale mail        |    12 |       ||    12
         Ring mail         |       |    29 ||    29
  Dodge: Dodged            |    28 |    10 ||    38

Table legend:
 A = Non-vault XP
 B = Vault XP
 C = Vault XP percentage of total XP
 D = Non-vault monster count
 E = Vault monster count
 F = Vault count percentage of total count
                 A         B        C        D         E       F
            +---------+---------+-------+---------+---------+-------
      Total |     104 |      36 |  25.7 |      55 |       7 |  11.3
            +---------+---------+-------+---------+---------+-------
        D:1 |      62 |       0 |   0.0 |      32 |       0 |   0.0
        D:2 |      31 |      20 |  39.2 |      19 |       5 |  20.8
        D:3 |      11 |      16 |  59.3 |       4 |       2 |  33.3
            +---------+---------+-------+---------+---------+-------
